Map: Frozen Temple

Players

EatsRainbows

  • Race: Protoss Protoss
  • League: Gold

Shuriken - Winner!

  • Race: Protoss Protoss

VOD

Have the link to the VOD?

Description

Time

  • Played on: May 4, 2016, 9:35 p.m.
  • Length: 13:03
Show
View Real Time Build Order
Export as new Build Order

EatsRainbows Protoss 

Build Orders:  

Get SALT Encoding   

  12  0:01  Probe (Chrono Boost)  
  13  0:11  Probe (Chrono Boost)  
  14  0:27  Pylon, Probe (Chrono Boost)  
  15  0:45  Gateway, Probe (Chrono Boost)  
  15  0:47  Assimilator  
  16  1:09  Probe (Chrono Boost)  
  17  1:12  Assimilator  
  17  1:21  Probe (Chrono Boost)  
  18  1:31  Pylon  
  18  1:32  Probe (Chrono Boost)  
  19  1:42  Probe (Chrono Boost)  
  20  1:48  Cybernetics Core  
  20  2:02  Probe (Chrono Boost)  
  21  2:12  Zealot  
  23  2:18  Pylon  
  23  2:25  Warp Gate  
  23  2:30  Robotics Facility, Probe (Chrono Boost)  
  24  2:47  Mothership Core (Chrono Boost)  
  26  2:52  Zealot  
  28  2:59  Assimilator  
  28  3:05  Probe (Chrono Boost)  
  29  3:14  Pylon  
  29  3:18  Nexus  
  29  3:27  Observer  
  30  3:36  Probe (Chrono Boost)  
  30  3:39  Stalker  
  33  3:44  Pylon  
  33  3:46  Pylon  
  33  4:01  Forge  
  33  4:02  Probe (Chrono Boost)  
  34  4:13  Probe (Chrono Boost)  
  34  4:15  Immortal  
  39  4:23  Probe (Chrono Boost)  
  40  4:24  Pylon  
  40  4:32  Probe (Chrono Boost)  
  40  4:34  Probe (Chrono Boost)  
  40  4:35  Protoss Ground Weapons Level 1  
  42  4:42  Probe (Chrono Boost)  
  42  4:44  Probe (Chrono Boost)  
  44  4:53  Gateway  
  44  4:55  Twilight Council  
  44  4:58  Probe (Chrono Boost)  
  45  5:08  Stalker  
  45  5:12  Probe (Chrono Boost)  
  45  5:13  Probe (Chrono Boost)  
  49  5:26  Probe x2 (Chrono Boost)  
  49  5:28  Assimilator  
  51  5:30  Assimilator  
  51  5:31  Pylon  
  51  5:36  Probe (Chrono Boost)  
  51  5:41  Gateway x2  
  51  5:42  Observer  
  53  5:48  Stalker  
  53  5:49  Stalker  
  57  6:07  Probe (Chrono Boost)  
  57  6:09  Immortal (Chrono Boost)  
  62  6:17  Robotics Facility  
  62  6:18  Zealot  
  62  6:19  Zealot  
  65  6:38  Protoss Ground Weapons Level 2 (Chrono Boost)  
  65  6:44  Immortal  
  65  6:50  Probe  
  65  6:51  Probe  
  67  6:55  Pylon  
  67  6:57  Pylon, Stalker  
  67  6:59  Pylon  
  69  7:06  Immortal  
  73  7:14  Probe  
  73  7:15  Stargate, Probe  
  75  7:34  Stalker  
  75  7:35  Stalker x3  
  81  7:58  Oracle (Chrono Boost)  
  81  8:00  Immortal x2  
  72  8:34  Robotics Bay  
  72  8:41  Nexus  
  72  8:47  Stalker x4  
  80  8:50  Blink (Chrono Boost)  
  80  9:05  Probe  
  80  9:07  Probe  
  80  9:09  Immortal  
  77  9:21  Stalker x2  
  69  10:18  Nexus  
  69  10:22  Pylon  
  69  10:24  Pylon, Stalker x2  
  69  10:25  Stalker  
  75  10:37  Stalker  
  75  10:40  Disruptor  
  80  10:45  Probe  
  80  10:47  Probe  
  82  10:56  Probe  
  82  10:59  Phoenix, Probe  
  86  11:07  Probe  
  65  11:26  Disruptor  
  65  11:29  Probe  
  65  11:30  Probe x2  
  65  11:32  Stalker x2  
  75  11:42  Phoenix  
  75  11:43  Probe  
  78  11:54  Assimilator  
  78  11:55  Assimilator, Stalker  
  78  12:00  Gateway  
  80  12:15  Phoenix  
  82  12:29  Stalker  
  84  12:41  Zealot  
  84  12:42  Zealot x2  
  69  12:59  Stalker  
Show
View Real Time Build Order
Export as new Build Order

Shuriken Protoss - Winner!

Build Orders:  

Get SALT Encoding   

  12  0:01  Probe (Chrono Boost)  
  13  0:13  Pylon  
  13  0:17  Probe (Chrono Boost)  
  14  0:30  Probe (Chrono Boost)  
  15  0:35  Gateway  
  15  0:40  Probe (Chrono Boost)  
  16  0:45  Assimilator  
  16  0:51  Probe (Chrono Boost)  
  17  1:01  Assimilator, Probe (Chrono Boost)  
  17  1:12  Probe (Chrono Boost)  
  18  1:22  Probe (Chrono Boost)  
  19  1:32  Cybernetics Core  
  19  1:37  Probe (Chrono Boost)  
  20  1:41  Gateway  
  20  1:47  Pylon, Probe (Chrono Boost)  
  21  1:58  Probe (Chrono Boost)  
  22  2:09  Mothership Core (Chrono Boost)  
  22  2:12  Warp Gate (Chrono Boost)  
  24  2:23  Nexus  
  24  2:31  Stalker  
  24  2:34  Probe  
  27  2:48  Probe  
  28  2:51  Stalker  
  28  2:52  Pylon  
  30  3:00  Assimilator  
  30  3:08  Probe  
  30  3:11  Gateway  
  31  3:23  Probe  
  31  3:26  Twilight Council  
  32  3:35  Probe x2  
  34  3:44  Assimilator  
  34  3:46  Probe  
  34  3:47  Probe  
  36  3:52  Gateway  
  36  3:57  Probe (Chrono Boost)  
  36  3:59  Probe (Chrono Boost)  
  38  4:04  Blink (Chrono Boost)  
  38  4:15  Robotics Facility  
  38  4:16  Probe  
  39  4:28  Stalker, Probe  
  39  4:30  Probe  
  43  4:42  Stalker  
  45  4:52  Probe  
  46  4:53  Pylon, Probe  
  46  4:57  Pylon  
  46  4:58  Stalker  
  49  5:09  Observer  
  49  5:10  Gateway  
  49  5:11  Probe  
  51  5:15  Gateway  
  49  5:30  Stalker x2  
  49  5:31  Stalker  
  55  5:36  Pylon  
  55  5:37  Observer  
  56  5:44  Probe  
  56  5:46  Probe  
  56  5:48  Assimilator  
  58  5:56  Robotics Bay  
  58  6:06  Warp Prism (Chrono Boost)  
  60  6:11  Probe  
  60  6:12  Probe  
  60  6:17  Pylon  
  61  6:21  Stalker  
  61  6:22  Stalker  
  61  6:24  Probe  
  61  6:25  Probe  
  67  6:36  Probe  
  70  6:50  Nexus  
  70  7:05  Disruptor (Chrono Boost)  
  70  7:06  Probe  
  72  7:10  Probe  
  72  7:15  Forge  
  73  7:17  Forge, Assimilator  
  73  7:18  Assimilator, Probe  
  74  7:23  Probe  
  74  7:24  Pylon  
  75  7:36  Disruptor (Chrono Boost)  
  78  7:41  Pylon  
  78  7:42  Pylon, Protoss Ground Armor Level 1 (Chrono Boost), Probe  
  79  7:50  Protoss Ground Weapons Level 1 (Chrono Boost)  
  78  7:51  Gravitic Drive  
  78  8:07  Disruptor (Chrono Boost)  
  76  8:28  Zealot x4  
  76  8:29  Probe  
  85  8:35  Gateway  
  85  8:37  Gateway  
  85  8:38  Disruptor (Chrono Boost)  
  88  8:41  Pylon  
  88  8:50  Zealot x2  
  88  8:51  Zealot x3  
  88  8:55  Probe (Chrono Boost)  
  89  9:11  Stalker x3  
  89  9:13  Disruptor (Chrono Boost)  
  91  9:30  Stalker x2, Probe (Chrono Boost)  
  94  9:36  Probe x2  
  96  9:41  Probe  
  93  9:47  Disruptor (Chrono Boost)  
  93  9:48  Protoss Shields Level 1 (Chrono Boost)  
  79  10:10  Probe  
  79  10:12  Templar Archives  
  79  10:13  Pylon  
  79  10:15  Protoss Ground Weapons Level 2 (Chrono Boost)  
  79  10:17  Pylon  
  79  10:18  Disruptor (Chrono Boost)  
  82  10:27  Probe  
  79  10:37  Probe  
  79  10:40  Probe  
  79  10:41  Pylon x2  
  81  10:48  Gateway  
  81  10:49  Observer (Chrono Boost)  
  81  10:50  Gateway  
  81  10:52  Pylon  
  81  10:55  Pylon  
  79  11:06  High Templar x3  
  79  11:07  High Templar x3  
  91  11:12  Archon x2  
  91  11:13  Archon  
  88  11:22  Stalker  
  88  11:25  Disruptor  
  80  11:31  Probe  
  84  11:36  Robotics Facility  
  84  11:39  Probe  
  84  11:41  Pylon  
  84  11:42  Probe  
  86  11:48  High Templar  
  86  11:49  High Templar x4  
  96  11:56  Archon x2  
  96  11:57  High Templar  
  96  11:59  Pylon  
  98  12:02  Disruptor (Chrono Boost), Archon  
  101  12:09  Pylon  
  101  12:13  Nexus  
  101  12:17  High Templar x2  
  101  12:20  Zealot  
  107  12:24  Archon  
  107  12:26  Warp Prism (Chrono Boost)  
  109  12:33  High Templar x2  
  113  12:38  Archon  
  113  12:40  Probe  
  113  12:42  Pylon  
  113  12:43  Probe  
  115  12:44  Pylon  
Tags
 
League
Gold
Matchup
PvP
Add a new tag
Caveats
  • Supply blocks, unpowered buildings, or Contaminate may cause inaccurate times.
  • Supply counts are checked every 10 seconds.